 Dungeon Crawl Stone Soup version 0.19-a0-860-g5c370dd (webtiles) character file.

7 4thArraOfDagon the Ducker (level 1, -1/10 HPs)
             Began as a Felid Monk on July 2, 2016.
             Slain by a giant gecko (3 damage)
             ... on level 3 of the Dungeon.
             The game lasted 00:01:06 (222 turns).

4thArraOfDagon the Ducker (Felid Monk)               Turns: 222, Time: 00:01:06

Health: -1/10      AC:  1    Str:  4 (7)  XL:     1   Next: 91%
Magic:  2/2        EV: 19    Int: 10 (11) God:
Gold:   10         SH:  0    Dex: 17 (18) Spells: 0 memorised, 0 levels left
                                        Lives:  0   Deaths: 0

rFire  . . .     SeeInvis +       - Unarmed
rCold  . . .     Gourm    .     (armour unavailable)
rNeg   . . .     Faith    .     (shield unavailable)
rPois  .         Spirit   .     (helmet unavailable)
rElec  .         Dismiss  .     (cloak unavailable)
rCorr  .         Reflect  .     (gloves unavailable)
SustAt .         Harm     .     (boots unavailable)
MR     .....     Rnd*Tele +     (no amulet)
Stlth  +++.......               (no ring)
                                (no ring)

@: quick, not resistant to hostile enchantments, fairly stealthy
A: no armour, no weapons or thrown items, claws 1, fangs 3, see invisible,
carnivore 3, speed 1, shaggy fur 1, slow metabolism 1, teleportitis 1, sharp
paws
a: no special abilities


You were on level 3 of the Dungeon.
You were not hungry.

You visited 1 branch of the dungeon, and saw 3 of its levels.

You collected 10 gold pieces.

Inventory:

Comestibles
 a - a meat ration


   Skills:
 - Level 3.0 Fighting
 + Level 4.1 Dodging
 + Level 3.2 Stealth
 * Level 3.2 Unarmed Combat


You couldn't memorise any spells.
You didn't know any spells.

Dungeon Overview and Level Annotations

Branches:
Dungeon (3/15)

Altars:


Innate Abilities, Weirdness & Mutations

You cannot wear armour.
You are incapable of wielding weapons or throwing items.
You have sharp claws.
You have razor-sharp teeth.
You have supernaturally acute eyesight. (SInv)
You are carnivorous and can eat meat at any time.
You cover ground quickly.
You are covered in fur. (AC +1)
You have a slow metabolism.
Your sharp claws are effective at attacking unaware monsters.
You are occasionally teleported next to monsters.


Message History

Unknown command.
You closely miss the giant gecko.
The giant gecko is lightly wounded.
The bat hits you.
* * * LOW HITPOINT WARNING * * *
The giant gecko barely misses you.
Unknown command.
You scratch the giant gecko but do no damage.
The giant gecko is lightly wounded.
The bat completely misses you. The giant gecko barely misses you.
The bat completely misses you.
Unknown command.
You closely miss the giant gecko.
The giant gecko is lightly wounded.
The bat hits you but does no damage. The giant gecko closely misses you.
Unknown command.
You scratch the giant gecko. Your bite misses the giant gecko.
The giant gecko is moderately wounded.
The giant gecko bites you.
You die...

## #######
...##....<##
...........##
............#
......b@....#
.......l....#
............#
[.(.........#
............#
...........##
..)##.....##
.## #######


You could see a giant gecko and a bat.

Vanquished Creatures
  A giant cockroach (D:1)
  A goblin (D:2)
  2 bats
  A giant newt (D:2)
  A kobold (D:1)
  2 rats
8 creatures vanquished.

Notes
Turn   | Place    | Note
-------+----------+-------------------------------------------
     0 | D:1      | 4thArraOfDagon the Felid Monk began the quest for the Orb.
     0 | D:1      | Reached XP level 1. HP: 10/10 MP: 2/2
   214 | D:3      | Gained mutation: You are occasionally teleported next to monsters. [potion of mutation]
   214 | D:3      | Gained mutation: Your body sometimes deteriorates upon taking damage. [potion of mutation]
   214 | D:3      | Lost mutation: Your body sometimes deteriorates upon taking damage. [potion of mutation]
   222 | D:3      | Slain by a giant gecko

Vault maps used:
D:1:      onia_arrival_pentagram, minmay_misc_feat_cross, serial_park_tiny_1,
          minmay_box_of_dots
D:2:      first_bread, grunt_ministairs_2, corexii_leaking_fountain,
          minmay_pentomino_u4
D:3:      grunt_temple_overflow_open, minmay_strange_pillars,
          gammafunk_pakellas_statue_experiment, uniq_terence

Skill      XL: |  1 |
---------------+----+-----
Stealth        | 3 |  3.2
Fighting       | |  3.0
Dodging        | |  4.1
Unarmed Combat | |  3.2

Action                   || total
-------------------------++-------
Melee: Unarmed           ||    19
       Bite              ||     1
  Use: Potion            ||     2
  Eat: Chunk             ||     1
Armor: Skin              ||     1
Dodge: Dodged            ||    19
